 Dungeon Crawl Stone Soup version 0.23.2-40-g277498a (webtiles) character file.

Game seed: 1050723328486323627

288 EternalSandwich the Slasher (level 6, -8/45 HPs)
             Began as a Demonspawn Gladiator on Oct 8, 2019.
             Mangled by a killer bee (9 damage)
             ... on level 4 of the Dungeon.
             The game lasted 00:08:07 (3881 turns).

EternalSandwich the Slasher (Demonspawn Gladiator)  Turns: 3881, Time: 00:08:08

Health: -8/45      AC:  5    Str: 14    XL:     6   Next: 9%
Magic:  6/6        EV: 13    Int:  9    God:
Gold:   261        SH:  0    Dex: 17    Spells: 5/5 levels left

rFire    . . .     SeeInvis +   a - +0 long sword
rCold    . . .     Gourm    .   (no shield)
rNeg     . . .     Faith    .   b - +0 leather armour
rPois    .         Spirit   .   c - +0 helmet
rElec    .         Reflect  .   (no cloak)
rCorr    .         Harm     .   (no gloves)
MR       .....                  (no boots)
Stlth    +.........             w - amulet of inaccuracy (curse)
HPRegen  0.15/turn              x - ring of see invisible
MPRegen  0.10/turn              (no ring)

@: lethally poisoned (-8 -> -16)
A: hooves 1, rugged brown scales 1, powered by death 2
a: no special abilities


You were on level 4 of the Dungeon.
You were not hungry.

You visited 1 branch of the dungeon, and saw 4 of its levels.

You collected 261 gold pieces.

Inventory:

Hand Weapons
 a - a +0 long sword (weapon)
 r - a +0 rapier
Missiles
 d - 3 throwing nets (quivered)
 v - 4 tomahawks
Armour
 b - a +0 leather armour (worn)
 c - a +0 helmet (worn)
Jewellery
 w - a cursed amulet of inaccuracy (around neck)
 x - a ring of see invisible (left hand)
 y - an uncursed amulet of the gourmand
Scrolls
 e - 4 scrolls of identify
 h - a scroll of magic mapping {unknown}
 k - a scroll of enchant armour {unknown}
 l - a scroll of enchant weapon {unknown}
 q - a scroll of immolation {unknown}
 t - a scroll of remove curse {unknown}
Potions
 i - 2 potions of lignification
 j - a potion of degeneration {unknown}
 m - a potion of haste {unknown}
 n - a potion of curing {unknown}
 o - a potion of mutation {unknown}
 p - a potion of agility {unknown}
 s - 2 potions of heal wounds
 u - a potion of cancellation {unknown}
 z - a potion of invisibility {unknown}
Comestibles
 f - 6 rations


   Skills:
 - Level 2.0 Fighting
 + Level 6.3 Long Blades
 - Level 1.7 Throwing
 - Level 2.6 Dodging


You had 5 spell levels left.
You didn't know any spells.
Your spell library was empty.

Dungeon Overview and Level Annotations

Branches:
Dungeon (4/15)
 Temple: D:4-7

Altars:

Annotations:
D:4 1 transporter


Innate Abilities, Weirdness & Mutations

You have large cloven feet.
You are partially covered in rugged brown scales. (AC +1, +3% HP)
You regenerate health from kills.


Message History

You are more poisoned.
The killer bee poisons you! The killer bee misses you.
You completely miss the killer bee. Your kick misses the killer bee.
The killer bee is heavily wounded.
* * * LOW HITPOINT WARNING * * *
You feel sick. The killer bee stings you.
* * * LOW HITPOINT WARNING * * *
The killer bee misses you.
You riposte.
You completely miss the killer bee. You kick the killer bee.
The killer bee is severely wounded.
The killer bee stings you.
* * * LOW HITPOINT WARNING * * *
The killer bee barely misses you.
You completely miss the killer bee.
The killer bee is severely wounded.
* * * LOW HITPOINT WARNING * * *
You feel sick. The killer bee stings you.
* * * LOW HITPOINT WARNING * * *
The killer bee stings you!
You die...

#. #..## #.##
###y..###..#
#.###..y.>.#...#
###..............#
.
#....#...###.....#
.. .##.###...#
##...####... ##.#
##...# #...#.....
#..# ##...# #....#
#.## #...# #@y#
#.# #...##y## ...
##.# #...$y# #...
..## #...#..##
...# ##.##
#...###..## #..#
##.## ##..#
#...### ..#
##.####..#
##....#######.#
##.#...##
#............#
#......###
#...........#


You could see 3 killer bees.

Vanquished Creatures
  An ogre (D:4)
  A hound (D:4)
  A worker ant (D:4)
  An orc wizard (D:3)
  3 adders
  3 worms
  4 dart slugs
  3 leopard geckos
  7 orcs
  3 giant cockroaches
  6 goblins
  4 hobgoblins
  7 jackals
  3 kobolds
  A quokka (D:2)
  3 ball pythons (D:1)
  6 bats
  2 frilled lizards (D:1)
  2 leopard gecko skeletons (D:4)
  12 rats
73 creatures vanquished.

Notes
Turn   | Place    | Note
-------+----------+-------------------------------------------
     0 | D:1      | EternalSandwich the Demonspawn Gladiator began the quest
                  | for the Orb.
     0 | D:1      | Reached XP level 1. HP: 16/16 MP: 1/1
   163 | D:1      | Reached skill level 3 in Long Blades
   496 | D:1      | Gained mutation: You regenerate a little health from kills.
                  | [demonic ancestry]
   496 | D:1      | Reached XP level 2. HP: 22/22 MP: 2/2
   609 | D:1      | Gained mutation: You are partially covered in rugged brown
                  | scales. (AC +1, +3% HP) [demonic ancestry]
   609 | D:1      | Reached XP level 3. HP: 21/27 MP: 3/3
   681 | D:1      | Reached skill level 4 in Long Blades
  1851 | D:2      | Gained mutation: You regenerate health from kills. [demonic
                  | ancestry]
  1851 | D:2      | Reached XP level 4. HP: 30/33 MP: 4/4
  2692 | D:3      | Reached skill level 5 in Long Blades
  2819 | D:3      | Gained mutation: You have large cloven feet. [demonic
                  | ancestry]
  2819 | D:3      | Reached XP level 5. HP: 36/39 MP: 5/5
  2909 | D:4      | Noticed an ogre
  2918 | D:4      | Killed an ogre
  2949 | D:4      | Reached skill level 6 in Long Blades
  3218 | D:4      | Noticed a phantom
  3277 | D:4      | Found a transporter.
  3305 | D:4      | Reached XP level 6. HP: 23/45 MP: 6/6
  3383 | D:4      | HP: 2/45 [killer bee (2)]
  3413 | D:4      | HP: 2/45 [poisoned by a killer bee]
  3421 | D:4      | HP: 1/45 [poisoned by a killer bee]
  3881 | D:4      | HP: 1/45 [killer bee (3)]
  3881 | D:4      | Mangled by a killer bee

Skill      XL: |  1  2  3  4  5 |
---------------+----------------+-----
Long Blades    | 3 4 5 6 |  6.3
Fighting       | |  2.0
Throwing       | |  1.7
Dodging        | |  2.6

Action                   |  1- 3 |  4- 6 || total
-------------------------+-------+-------++-------
Melee: Long sword        |   109 |   114 ||   223
       Kick              |       |    20 ||    20
  Use: Potion            |     1 |     2 ||     3
       Scroll            |       |     3 ||     3
 Stab: Sleeping          |     3 |     1 ||     4
  Eat: Chunk             |     2 |     5 ||     7
       Ration            |       |     1 ||     1
Armor: Leather armour    |    47 |    37 ||    84
Dodge: Dodged            |   104 |   101 ||   205
       Rpst.: Long sword |    35 |    34 ||    69
